 Dungeon Crawl Stone Soup version 0.29-a0-653-gd47aff6735 (webtiles) character file.

Game seed: 14492464903027892324

429 erloom the Chopper (level 6, 15/56 HPs)
             Began as a Deep Dwarf Fighter on Apr 23, 2021.
             Quit the game on level 4 of the Dungeon on June 21, 2022.
             The game lasted 00:08:36 (2297 turns).

erloom the Chopper (Deep Dwarf Fighter)             Turns: 2297, Time: 00:08:36

Health: 15/56      AC: 12    Str: 22    XL:     6   Next: 66%
Magic:  5/5        EV:  7    Int:  8    God:
Gold:   208        SH:  9    Dex: 12    Spells: 5/5 levels left

rFire   . . .      SeeInvis .   a - +0 war axe
rCold   . . .      Faith    .   c - +0 kite shield
rNeg    . . .      Spirit   .   f - +0 chain mail
rPois   .          Reflect  .   d - +2 helmet
rElec   .          Harm     .   (no cloak)
rCorr   .          Rampage  .   (no gloves)
Will    .....                   (no boots)
Stlth   ..........              (no amulet)
HPRegen 0.00/turn               (no ring)
MPRegen 0.09/turn               (no ring)

@: no status effects
A: damage resistance, heal wounds, sense surroundings 1, no regeneration
a: Heal Wounds


You were on level 4 of the Dungeon.
You visited 1 branch of the dungeon, and saw 4 of its levels.

You collected 208 gold pieces.

Inventory:

Hand Weapons
 a - a +0 war axe (weapon)
 b - a +0 hunting sling
Missiles
 j - 78 stones
Armour
 c - a +0 kite shield (worn)
 d - a +2 helmet (worn)
 f - a +0 chain mail (worn)
Wands
 g - a wand of acid (7)
Scrolls
 i - a scroll of vulnerability {unknown}
 k - a scroll of enchant weapon {unknown}
 o - a scroll of brand weapon {unknown}
Potions
 e - a potion of curing
 h - a potion of brilliance {unknown}
 l - 2 potions of berserk rage
 m - 2 potions of heal wounds {unknown}
 n - a potion of degeneration {unknown}


   Skills:
 - Level 3.5 Fighting
 + Level 5.0 Axes
 + Level 0.9 Slings
 - Level 4.4 Armour
 - Level 2.0 Dodging
 - Level 0.1 Stealth
 - Level 4.7 Shields


You had 5 spell levels left.
You didn't know any spells.
Your spell library contained the following spells:

 Spells                   Type           Power      Damage    Failure   Level
 Magic Dart               Conj           0%         1d3       100%        1
 Slow                     Hex            0%         N/A       100%        1
 Blink                    Tloc           0%         N/A       100%        2
 Call Imp                 Summ           0%         N/A       100%        2
 Conjure Flame            Conj/Fire      0%         6-21      100%        3
 Mephitic Cloud           Conj/Pois/Air  0%         N/A       100%        3


Dungeon Overview and Level Annotations

Branches:
Dungeon (4/15)
 Temple: D:4-7

Altars:
Wu Jian


Innate Abilities, Weirdness & Mutations

You are resistant to damage.
You can heal yourself by infusing magical energy.
You passively map a small area around you.
You do not regenerate.


Message History

You feel a strong urge to attack something.
Found a club and a scroll labelled JUOHEM IHUFALL.
Found an escape hatch in the floor.
You see here a hobgoblin corpse.
Unknown command.
You feel your anger nearly subside.
You are no longer berserk.
You are exhausted.
You feel yourself slow down.
You are no longer corroded.
You now have 208 gold pieces (gained 6).
You see here a hobgoblin corpse.
There is a stone staircase leading up, spattered with blood here.
You climb upwards.
There is a stone staircase leading down here.
You start waiting.
You feel yourself speed up.
You climb downwards.
There is a stone staircase leading up, spattered with blood here.
You see here a hobgoblin corpse.
A quokka comes into view.
Found a leather armour.
You see here a scroll labelled JUOHEM IHUFALL.
You are too injured to fight recklessly!
You are too injured to fight recklessly!
You are too injured to fight recklessly!
The quokka bites you but does no damage.
The quokka barely misses you.
You slash the quokka!
You kill the quokka!
You recover from your berserk rage.
You see here a quokka corpse.
Unknown command.
o - a scroll labelled JUOHEM IHUFALL Saving game... please wait.
Welcome back, erloom the Deep Dwarf Fighter.
Press ? for a list of commands and other information.
Unknown command.
Search for what [? for help]?
Okay, then.
Are you sure you want to abandon this character and quit the game? (Confirm with "yes".)

, #..........# ,
#..........# *
#..........#
#..........#
#.....†....#######
#..[..............#
#.........>...)...#
,*
########..........#
#@.........# , *
#..........# *
*#####..........# *
...............(#
,................#
* ...........†....#
...........<[...#
......###########
......


There were no monsters in sight!

Vanquished Creatures
  Sigmund (D:2)
  A sky beast (D:3)
  A howler monkey (D:3)
  Ijyb (D:4)
  Terence (D:2)
  Robin (D:2)
  An adder (D:3)
  An adder skeleton (D:2)
  3 bats
  4 endoplasms
  A giant cockroach (D:1)
  13 goblins
  9 hobgoblins
  10 jackals
  2 quokkas
  4 ball pythons
  5 frilled lizards
  3 kobolds
  2 rats (D:3)
64 creatures vanquished.

Notes
Turn   | Place    | Note
-------+----------+-------------------------------------------
     0 | D:1      | erloom the Deep Dwarf Fighter began the quest for the Orb.
     0 | D:1      | Reached XP level 1. HP: 20/20 MP: 1/1
   209 | D:1      | Found a faded altar of an unknown god.
   497 | D:1      | Reached XP level 2. HP: 21/27 MP: 2/2
  1000 | D:2      | Reached XP level 3. HP: 23/34 MP: 3/3
  1047 | D:2      | Noticed Sigmund
  1123 | D:2      | Noticed Robin
  1156 | D:2      | Killed Sigmund
  1157 | D:2      | Reached skill level 4 in Axes
  1157 | D:2      | Reached skill level 1 in Dodging
  1157 | D:2      | Reached XP level 4. HP: 5/42 MP: 4/4
  1157 | D:2      | Reached XP level 5. HP: 6/49 MP: 5/5
  1173 | D:2      | Killed Robin
  1416 | D:2      | Noticed Terence
  1431 | D:2      | Killed Terence
  1924 | D:3      | Noticed a sky beast
  1953 | D:3      | Killed a sky beast
  1954 | D:3      | Reached XP level 6. HP: 8/56 MP: 6/6
  2078 | D:3      | Found an ornate altar of the Wu Jian Council.
  2225 | D:4      | Noticed Ijyb
  2229 | D:4      | HP: 2/56 [acid (10)]
  2239 | D:4      | Killed Ijyb
  2240 | D:4      | Reached skill level 5 in Axes
  2297 | D:4      | Upgraded the game from 0.27-a0-1065-ge809cff456 to
                  | 0.29-a0-653-gd47aff6735
  2297 | D:4      | Quit the game

Illustrated notes

Levels and vault maps discovered:
D:1:      lightli_arrival_windingriver, layout_basic,
          shapermc_ecumenical_altar_mp_urbaneastern
D:2:      layout_loops_cross, serial_glass, glass_columns_b, glass_columns_b,
          palyth_stone_intersect, uniq_terence, uniq_sigmund, uniq_robin
D:3:      layout_basic, general_overflow_altar
D:4:      layout_basic, uniq_ijyb

Skill      XL: |  1  2  3  4  5  6 |
---------------+-------------------+-----
Fighting       | 3 |  3.5
Axes           | 4 5 |  5.0
Armour         | 4 |  4.4
Dodging        | 1 2 |  2.0
Shields        | 4 |  4.7
Slings         | |  0.9
Stealth        | |  0.1

Action                   |  1- 3 |  4- 6 || total
-------------------------+-------+-------++-------
Melee: War axe           |    81 |   118 ||   199
 Fire: Hunting sling     |     3 |       ||     3
 Abil: Heal Wounds       |       |     5 ||     5
  Use: Potion            |     2 |     1 ||     3
       Scroll            |       |     1 ||     1
Armor: Scale mail        |    37 |    13 ||    50
       Chain mail        |       |    52 ||    52
Dodge: Dodged            |    24 |    24 ||    48
Block: Kite shield       |    53 |    63 ||   116

Table legend: (Time is in decaauts)
 A = Elapsed time spent in this place.
 B = Non-inter-level travel time spent in this place.
 C = Inter-level travel time spent in this place.
 D = Time resting spent in this place.
 E = Time spent auto-exploring this place.
 F = Levels seen in this place.
 G = Mean time per level.
                   A        B        C        D        E       F      G
               +--------+--------+--------+--------+--------+-----+--------+
         Total |   2419 |   2244 |    175 |     37 |   1578 |   4 |  604.8 |
       Dungeon |   2419 |   2244 |    175 |     37 |   1578 |   4 |  604.8 |
               +--------+--------+--------+--------+--------+-----+--------+

Top non-repeatable levels by time:
     D:1: 861 daAuts
     D:2: 854 daAuts
     D:3: 607 daAuts
     D:4: 96 daAuts
